 Dungeon Crawl Stone Soup version 0.21.1-1-g345015f (webtiles) character file.

1553 tidbits the Charmwright (level 8, -3/59 HPs)
             Began as a Gnoll Skald on June 27, 2018.
             Slain by an orc warrior
             ... wielding a +0 glaive
              (7 damage)
             ... on level 7 of the Dungeon.
             The game lasted 00:12:21 (1337 turns).

tidbits the Charmwright (Gnoll Skald)               Turns: 1337, Time: 00:12:21

Health: -3/59      AC:  7    Str: 14    XL:     8   Next: 88%
Magic:  17/17      EV: 21    Int: 18    God:
Gold:   234        SH:  0    Dex: 19    Spells: 8/19 levels left

rFire    + . .     SeeInvis .   a - +0 hand axe
rCold    . . .     Gourm    .   (no shield)
rNeg     + . .     Faith    .   b - +0 leather armour
rPois    +         Spirit   .   E - +0 helmet of the Gloaming {rF+ rN+ Regen+} (curse)
rElec    .         Reflect  .   C - +0 cloak
rCorr    +         Harm     .   (no gloves)
MR       .....                  (no boots)
Stlth    ++++......             (no amulet)
HPRegen  0.59/turn              G - ring of resist corrosion
MPRegen  0.15/turn              (no ring)

@: agile, berserk cooldown, slowed, very slow
A: distributed training, fangs 1, talons 1, rugged brown scales 1, frail 1,
poison resistance, strong nose
a: no special abilities


You were on level 7 of the Dungeon.
You were not hungry.

You visited 1 branch of the dungeon, and saw 7 of its levels.

You collected 234 gold pieces.

Inventory:

Hand Weapons
 a - a +0 hand axe (weapon)
 f - a +0 spear
 m - a +0 dagger
 p - a +0 spear of freezing
   (You took it off Robin on level 2 of the Dungeon)
 v - a +0 flail
 A - a +0 trident
 F - a +2 spear of freezing
   (You took it off a crimson imp on level 6 of the Dungeon)
 H - a +3 quarterstaff of chaos
   (You took it off Crazy Yiuf on level 6 of the Dungeon)
Missiles
 g - 20 bolts
 r - 53 arrows
 t - 3 javelins
 u - 5 tomahawks
 I - 5 poisoned javelins (quivered)
Armour
 b - a +0 leather armour (worn)
 q - a +0 helmet
 C - a +0 cloak (worn)
 E - the cursed +0 helmet of the Gloaming (worn) {rF+ rN+ Regen+}
   (You took it off Robin on level 2 of the Dungeon)

   It protects you from fire.
   It protects you from negative energy.
   It increases your rate of regeneration.
   It has a curse placed upon it.
Jewellery
 G - a ring of resist corrosion (left hand)
   (You found it on level 6 of the Dungeon)
Wands
 z - a wand of acid (5)
Scrolls
 e - a scroll of blinking {unknown}
 j - a scroll of enchant weapon {unknown}
 l - a scroll of remove curse {unknown}
 n - a scroll of identify {unknown}
 o - a scroll of enchant armour {unknown}
 s - 3 scrolls of teleportation
 y - a scroll of amnesia {unknown}
 B - a scroll of fog {unknown}
 D - 3 scrolls of fear {unknown}
Potions
 h - 2 potions of brilliance
 k - a potion of mutation {!q}
 x - a potion of curing
Books
 d - a book of Battle

   Spells                             Type                      Level
   a - Infusion                       Charms                       1
   b - Shroud of Golubria             Charms/Translocation         2
   c - Song of Slaying                Charms                       2
   d - Spectral Weapon                Hexes/Charms                 3
   e - Regeneration                   Charms/Necromancy            3
Comestibles
 c - 7 rations


   Skills:
 + Level 5.9 Fighting
 + Level 3.5 Short Blades
 + Level 3.5 Long Blades
 + Level 5.9 Axes
 + Level 3.5 Maces & Flails
 + Level 3.5 Polearms
 + Level 3.5 Staves
 + Level 3.5 Slings
 + Level 3.5 Bows
 + Level 3.5 Crossbows
 + Level 3.5 Throwing
 + Level 4.4 Armour
 + Level 5.9 Dodging
 + Level 3.5 Stealth
 + Level 3.5 Shields
 + Level 3.5 Unarmed Combat
 + Level 6.2 Spellcasting
 + Level 2.9 Conjurations
 + Level 2.9 Hexes
 + Level 6.2 Charms
 + Level 2.9 Summonings
 + Level 2.9 Necromancy
 + Level 2.9 Translocations
 + Level 2.9 Transmutations
 + Level 2.9 Fire Magic
 + Level 2.9 Ice Magic
 + Level 2.9 Air Magic
 + Level 2.9 Earth Magic
 + Level 2.9 Poison Magic
 + Level 3.9 Invocations
 + Level 3.5 Evocations


You had 8 spell levels left.
You knew the following spells:

 Your Spells              Type           Power        Failure   Level  Hunger
g - Shroud of Golubria    Chrm/Tloc      ###.......   3%          2    None
i - Infusion              Chrm           ####         1%          1    None
r - Regeneration          Chrm/Necr      ###.......   6%          3    ##.....
w - Spectral Weapon       Hex/Chrm       ###.....     6%          3    ##.....
y - Song of Slaying       Chrm           ####....     1%          2    None


Dungeon Overview and Level Annotations

Branches:
Dungeon (7/15)
 Temple: D:4-7

Altars:
Dithmenos
Qazlal
Yredelemnul


Innate Abilities, Weirdness & Mutations

Your experience applies equally to all skills.
You have very sharp teeth.
Your uncanny sense of smell can sniff out nearby items.
You have sharp toenails.
You are partially covered in rugged brown scales. (AC +1, +3% HP)
You are frail. (-10% HP)
Your system is resistant to poisons. (rPois)


Message History

A killer bee comes into view.
The killer bee barely misses you.
Found 11 gold pieces.
Found a stone staircase leading down.
It was a potion of berserk rage.
A red film seems to cover your vision as you go berserk!
You feel yourself moving faster!
You feel mighty! The killer bee stings you.
The killer bee completely misses you.
The orc warrior shouts!
You slash the killer bee!
The killer bee is heavily wounded.
You hear a shout!
The killer bee closely misses you.
A killer bee comes into view.
You miss the killer bee. Your punch misses the killer bee.
The killer bee is heavily wounded.
The killer bee completely misses you.
You closely miss the killer bee.
The killer bee is heavily wounded.
The killer bee stings you but does no damage.
You miss the killer bee. Your kick misses the killer bee.
You bite the killer bee.
The killer bee is almost dead.
You slash the killer bee!
The killer bee stings you but does no damage.
The killer bee stings you. x2
You slash the killer bee!
You kill the killer bee!
You barely miss the killer bee. The killer bee stings you.
The centaur shoots an arrow.
The arrow hits you.
Unknown command.
The killer bee misses you.
Unknown command.
You closely miss the killer bee.
You kill the killer bee!
You hit the centaur.
The centaur unwields an uncursed shortbow.
The centaur hits you but does no damage.
You hit the centaur.
You kill the centaur!
You slash the killer bee! The killer bee closely misses you.
The killer bee misses you.
You barely miss the killer bee. Your kick misses the killer bee.
You kill the killer bee!
Unknown command.
You slash the hippogriff! You claw the hippogriff!
Your bite misses the hippogriff.
The hippogriff is moderately wounded.
The hippogriff bites you. The hippogriff barely misses you.
The hippogriff claws you.
You slash the hippogriff! Your kick misses the hippogriff.
You bite the hippogriff!
The hippogriff is severely wounded.
Unknown command.
You barely miss the hippogriff. You claw the hippogriff.
The hippogriff is almost dead.
The hippogriff closely misses you. The hippogriff pecks you.
The hippogriff closely misses you. The orc warrior misses you.
You slash the hippogriff!
You kill the hippogriff!
The orc throws a tomahawk.
The tomahawk misses you.
An orc comes into view. It is wielding a short sword.
The orc shouts!
The orc warrior hits you with a glaive!!
* * * LOW HITPOINT WARNING * * *
The orc throws a tomahawk.
The tomahawk hits you but does no damage.
Things that are here:
a tomahawk; a hippogriff corpse You slash the orc warrior!
You claw the orc warrior. Your bite misses the orc warrior.
The orc warrior is moderately wounded.
The orc wizard shouts!
You hit the orc warrior.
You claw the orc warrior, but do no damage.
The orc warrior is heavily wounded.
You are no longer berserk.
You are exhausted.
You feel yourself slow down. The orc warrior misses you.
Unknown command.
Evoke which item? (* to show all) (? for menu, Esc to quit)
Aiming: Corrosive Bolt
Press: ? - help, Shift-Dir - straight line, f - orc warrior
Aim: an orc warrior, wielding a glaive and wearing a plate armour (heavily wounded)
The bolt of acid misses the orc warrior.
The orc warrior hits you with a glaive!!
* * * LOW HITPOINT WARNING * * *
The orc misses you.
A giant cockroach and a centaur come into view.
Evoke which item? (* to show all) (? for menu, Esc to quit)
Aiming: Corrosive Bolt
Press: ? - help, Shift-Dir - straight line, f/p - orc warrior
Aim: an orc warrior, wielding a glaive and wearing a plate armour (heavily wounded)
Okay, then.
It was a potion of agility.
You feel agile all of a sudden.
The orc wizard casts a spell.
The orc wizard flickers and vanishes!
The orc hits you but does no damage. The orc warrior hits you with a glaive!
You die...

#(## # #...... #.<#
##.#...... ##(#
.........#
#............#
##...........#
H..........#
...###..o#†#
∆....####o#.######.
...s{...o@)($.....
.....c###...######
. #...# #...# #...#
#####


You could see an orc warrior, a centaur, 2 orcs and a giant cockroach.

Vanquished Creatures
  A hippogriff (D:7)
  Menkaure (D:6)
  An orc warrior (D:6)
  A sky beast (D:6)
  The ghost of Squonk the Firebug, an amateur HOFE (D:3)
  2 centaurs
  3 bullfrogs (D:6)
  2 scorpions (D:5)
  3 killer bees (D:7)
  A howler monkey (D:6)
  2 crimson imps (D:6)
  A centaur zombie (D:5)
  A gnoll shaman (D:6)
  A jelly (D:6)
  Crazy Yiuf (D:6)
  An orc priest (D:6)
  An orc wizard (D:3)
  A worker ant (D:4)
  Robin (D:2)
  4 gnolls (D:6)
  3 adders
  A worm (D:5)
  4 dart slugs (D:2)
  4 leopard geckos
  7 orcs
  A ball python (D:1)
  A giant cockroach (D:2)
  10 goblins
  10 hobgoblins
  5 jackals (D:2)
  3 kobolds
  A quokka (D:4)
  A bat (D:1)
  A frilled lizard (D:3)
  3 rats (D:2)
  A fungus (D:6)
86 creatures vanquished.

Notes
Turn   | Place    | Note
-------+----------+-------------------------------------------
     0 | D:1      | tidbits the Gnoll Skald began the quest for the Orb.
     0 | D:1      | Reached XP level 1. HP: 20/20 MP: 6/6
   136 | D:1      | Reached XP level 2. HP: 19/26 MP: 0/7
   140 | D:1      | Learned a level 2 spell: Song of Slaying
   143 | D:1      | Learned a level 2 spell: Shroud of Golubria
   242 | D:2      | HP: 1/26 [adder (4)]
   248 | D:2      | Reached skill level 5 in Spellcasting
   248 | D:2      | Reached XP level 3. HP: 17/31 MP: 2/9
   253 | D:2      | Reached skill level 1 in Invocations
   316 | D:1      | Learned a level 3 spell: Regeneration
   320 | D:1      | Learned a level 3 spell: Spectral Weapon
   351 | D:2      | Reached skill level 1 in Short Blades
   351 | D:2      | Reached skill level 1 in Long Blades
   351 | D:2      | Reached skill level 1 in Maces & Flails
   351 | D:2      | Reached skill level 1 in Polearms
   351 | D:2      | Reached skill level 1 in Staves
   351 | D:2      | Reached skill level 1 in Slings
   351 | D:2      | Reached skill level 1 in Bows
   351 | D:2      | Reached skill level 1 in Crossbows
   351 | D:2      | Reached skill level 1 in Throwing
   351 | D:2      | Reached skill level 1 in Stealth
   351 | D:2      | Reached skill level 1 in Shields
   351 | D:2      | Reached skill level 1 in Unarmed Combat
   351 | D:2      | Reached skill level 1 in Evocations
   356 | D:2      | Reached XP level 4. HP: 29/38 MP: 4/11
   359 | D:2      | Found a stormy altar of Qazlal.
   360 | D:2      | Noticed Robin
   379 | D:2      | Killed Robin
   384 | D:2      | Got a steaming helmet
   395 | D:2      | Identified the cursed +0 helmet of the Gloaming {rF+ rN+ Regen+} (You took it off Robin on level 2 of the Dungeon)
   446 | D:3      | Reached skill level 1 in Conjurations
   446 | D:3      | Reached skill level 1 in Hexes
   446 | D:3      | Reached skill level 1 in Summonings
   446 | D:3      | Reached skill level 1 in Necromancy
   446 | D:3      | Reached skill level 1 in Translocations
   446 | D:3      | Reached skill level 1 in Transmutations
   446 | D:3      | Reached skill level 1 in Fire Magic
   446 | D:3      | Reached skill level 1 in Ice Magic
   446 | D:3      | Reached skill level 1 in Air Magic
   446 | D:3      | Reached skill level 1 in Earth Magic
   446 | D:3      | Reached skill level 1 in Poison Magic
   453 | D:3      | Reached XP level 5. HP: 33/43 MP: 1/12
   488 | D:3      | Noticed Squonk's ghost (amateur HOFE)
   496 | D:3      | Gained mutation: You are frail. (-10% HP) [potion of mutation]
   496 | D:3      | Gained mutation: You have sharp toenails. [potion of mutation]
   496 | D:3      | Gained mutation: You are partially covered in rugged brown scales. (AC +1, +3% HP) [potion of mutation]
   496 | D:3      | Gained mutation: Your system is resistant to poisons. (rPois) [potion of mutation]
   506 | D:3      | Killed Squonk's ghost
   506 | D:3      | Reached skill level 3 in Armour
   584 | D:3      | Found a basalt altar of Yredelemnul.
   661 | D:4      | Reached skill level 2 in Invocations
   661 | D:4      | Reached XP level 6. HP: 46/46 MP: 7/13
   707 | D:5      | Entered Level 5 of the Dungeon
   753 | D:5      | Reached skill level 5 in Fighting
   753 | D:5      | Reached skill level 5 in Axes
   753 | D:5      | Reached skill level 5 in Dodging
   769 | D:5      | Reached skill level 2 in Short Blades
   769 | D:5      | Reached skill level 2 in Long Blades
   769 | D:5      | Reached skill level 2 in Maces & Flails
   769 | D:5      | Reached skill level 2 in Polearms
   769 | D:5      | Reached skill level 2 in Staves
   769 | D:5      | Reached skill level 2 in Slings
   769 | D:5      | Reached skill level 2 in Bows
   769 | D:5      | Reached skill level 2 in Crossbows
   769 | D:5      | Reached skill level 2 in Throwing
   769 | D:5      | Reached skill level 2 in Stealth
   769 | D:5      | Reached skill level 2 in Shields
   769 | D:5      | Reached skill level 2 in Unarmed Combat
   769 | D:5      | Reached skill level 2 in Evocations
   833 | D:6      | Reached XP level 7. HP: 52/52 MP: 8/15
   861 | D:6      | Reached skill level 2 in Conjurations
   861 | D:6      | Reached skill level 2 in Hexes
   861 | D:6      | Reached skill level 2 in Summonings
   861 | D:6      | Reached skill level 2 in Necromancy
   861 | D:6      | Reached skill level 2 in Translocations
   861 | D:6      | Reached skill level 2 in Transmutations
   861 | D:6      | Reached skill level 2 in Fire Magic
   861 | D:6      | Reached skill level 2 in Ice Magic
   861 | D:6      | Reached skill level 2 in Air Magic
   861 | D:6      | Reached skill level 2 in Earth Magic
   861 | D:6      | Reached skill level 2 in Poison Magic
   866 | D:7      | Noticed a hippogriff
   963 | D:5      | Found a shadowy altar of Dithmenos.
  1038 | D:6      | Noticed Menkaure
  1044 | D:6      | Reached skill level 3 in Invocations
  1045 | D:6      | Killed Menkaure
  1045 | D:6      | Reached skill level 6 in Charms
  1045 | D:6      | Reached XP level 8. HP: 13/58 MP: 11/16
  1068 | D:6      | Reached skill level 4 in Armour
  1076 | D:6      | Reached skill level 3 in Short Blades
  1076 | D:6      | Reached skill level 3 in Long Blades
  1076 | D:6      | Reached skill level 3 in Maces & Flails
  1076 | D:6      | Reached skill level 3 in Polearms
  1076 | D:6      | Reached skill level 3 in Staves
  1076 | D:6      | Reached skill level 3 in Slings
  1076 | D:6      | Reached skill level 3 in Bows
  1076 | D:6      | Reached skill level 3 in Crossbows
  1076 | D:6      | Reached skill level 3 in Throwing
  1076 | D:6      | Reached skill level 3 in Stealth
  1076 | D:6      | Reached skill level 3 in Shields
  1076 | D:6      | Reached skill level 3 in Unarmed Combat
  1076 | D:6      | Reached skill level 3 in Evocations
  1171 | D:6      | Reached skill level 6 in Spellcasting
  1282 | D:6      | Found a runed door.
  1286 | D:6      | Noticed Crazy Yiuf
  1292 | D:6      | Killed Crazy Yiuf
  1332 | D:7      | Killed a hippogriff
  1336 | D:7      | HP: 3/59 [orc warrior/glaive (20)]
  1337 | D:7      | Slain by an orc warrior

Skill      XL: |  1  2  3  4  5  6  7  8 |
---------------+-------------------------+-----
Spellcasting   | 5 6 |  6.2
Invocations    | 1 2 3 |  3.9
Short Blades   | 1 2 3 |  3.5
Long Blades    | 1 2 3 |  3.5
Maces & Flails | 1 2 3 |  3.5
Polearms       | 1 2 3 |  3.5
Staves         | 1 2 3 |  3.5
Slings         | 1 2 3 |  3.5
Bows           | 1 2 3 |  3.5
Crossbows      | 1 2 3 |  3.5
Throwing       | 1 2 3 |  3.5
Stealth        | 1 2 3 |  3.5
Shields        | 1 2 3 |  3.5
Unarmed Combat | 1 2 3 |  3.5
Evocations     | 1 2 3 |  3.5
Conjurations   | 1 2 |  2.9
Hexes          | 1 2 |  2.9
Summonings     | 1 2 |  2.9
Necromancy     | 1 2 |  2.9
Translocations | 1 2 |  2.9
Transmutations | 1 2 |  2.9
Fire Magic     | 1 2 |  2.9
Ice Magic      | 1 2 |  2.9
Air Magic      | 1 2 |  2.9
Earth Magic    | 1 2 |  2.9
Poison Magic   | 1 2 |  2.9
Armour         | 3 4 |  4.4
Fighting       | 5 |  5.9
Axes           | 5 |  5.9
Dodging        | 5 |  5.9
Charms         | 6 |  6.2

Action                   |  1- 3 |  4- 6 |  7- 9 || total
-------------------------+-------+-------+-------++-------
Melee: Hand axe          |    62 |    52 |    85 ||   199
       Bite              |     5 |     5 |     9 ||    19
       Kick              |       |     4 |    29 ||    33
       Punch             |       |       |     2 ||     2
Throw: Javelin           |       |       |    12 ||    12
 Cast: Infusion          |     2 |       |       ||     2
       Song of Slaying   |     5 |     3 |     4 ||    12
       Shroud of Golubri |     1 |     5 |       ||     6
       Spectral Weapon   |     2 |     8 |     6 ||    16
       Regeneration      |       |     2 |     4 ||     6
Evoke: Wand              |       |     1 |     6 ||     7
  Use: Potion            |     3 |     2 |     2 ||     7
       Scroll            |       |     1 |       ||     1
 Stab: Distracted        |       |       |     1 ||     1
  Eat: Ration            |       |       |     1 ||     1
Armor: Leather armour    |    12 |    11 |    23 ||    46
Dodge: Dodged            |    70 |    35 |    64 ||   169

Table legend:
 A = Turns spent in this place as a percentage of turns spent in the entire game.
 B = Non-inter-level travel turns spent in this place as a percentage of non-inter-level travel turns spent in the entire game.
 C = Inter-level travel turns spent in this place as a percentage of turns spent in this place.
 D = Turns resting spent in this place as a percentage of non-inter-level travel turns spent in this place.
 E = Turns spent auto-exploring this place as a percentage of non-inter-level travel turns spent in this place.
 F = Non-inter-level travel turns spent in this place divided by the number of levels of this place that you've seen.
                   A       B       C       D       E      F
               +-------+-------+-------+-------+-------+----------------------
         Total | 100.0 | 100.0 |   1.1 |   0.0 |   0.0 | 188.9
       Dungeon | 100.0 | 100.0 |   1.1 |   0.0 |   0.0 | 188.9
               +-------+-------+-------+-------+-------+----------------------

Table legend:
 A = Kills in this place as a percentage of kills in entire the game.
 B = Kills by you in this place as a percentage of kills by you in the entire game.
 C = Kills by friends in this place as a percentage of kills by friends in the entire game.
 D = Other kills in this place as a percentage of other kills in the entire game.
 E = Experience gained in this place as a percentage of experience gained in the entire game.
 F = Experience gained in this place divided by the number of levels of this place that you have seen.
                   A       B       C       D       E      F
               +-------+-------+-------+-------+-------+----------------------
         Total | 100.0 | 100.0 |   N/A |   N/A | 100.0 | 317.0
       Dungeon | 100.0 | 100.0 |   N/A |   N/A | 100.0 | 317.0
               +-------+-------+-------+-------+-------+----------------------

Vault maps used:
D:1:      saegor_arrival_simple_a
D:2:      lemuel_crystal_altar, cheibriados_altar_1, lemuel_doored_altar,
          uniq_robin
D:3:      yredelemnul_forgotten_temple_becter, portal_sewer_entry_b,
          uniq_terence
D:4:      nemelex_xobeh_ov_fountains_minmay, ashenzari_conservatory_becter,
          first_ration, minmay_divided_ellipse
D:5:      nicolae_dithmenos_through_a_glass_darkly, st_stairs_12, uniq_duvessa
D:6:      uniq_crazy_yiuf_cottage, uniq_menkaure
D:7:      led_sif_book, kennysheep_mini_moat, minmay_temple_entry_mist,
          grunt_ogre_cave
